 Dungeon Crawl Stone Soup version 0.32-a0-984-gb8cfe57ea9 (webtiles) character file.

Game seed: 6600638483833424565

124234 GeoRichter the Impaler (level 16, -3/183 HPs)
             Began as a Grey Draconian Warper on Apr 21, 2024.
             Was a High Priest of Trog.
             Slain by a torpor snail (7 damage)
             ... on level 3 of the Spider Nest.
             The game lasted 00:47:46 (24364 turns).

GeoRichter the Impaler (Grey Draconian Warper)     Turns: 24364, Time: 00:47:46

Health: -3/183     AC: 31    Str: 20    XL:     16   Next: 38%
Magic:  19/19      EV: 11    Int: 13    God:    Trog [*****.]
Gold:   2183       SH:  0    Dex: 16    Spells: 19/19 levels left

rFire   . . .        a - +5 scythe "Finisher" {speed, execute}
rCold   + . .        (shield currently unavailable)
rNeg    + + .        (body armour unavailable)
rPois   ∞            (helmet restricted)
rElec   +            O - +3 cloak of the Present {rCorr SInv Stlth+}
rCorr   +            U - melded +1 pair of gloves
SInv    +            Y - melded +1 pair of boots
Will    +....        n - amulet of regeneration
Stlth   ++           r - ring of positive energy
HPRegen 1.30/turn    P - ring "Pyam" {rPois rC+ Str+3 Slay+2}
MPRegen 0.16/turn

%: no passive effects
@: statue-form, marked, slowed, studying Long Blades, invisible, very slow
A: slow and powerful, torment resistance 1, boosted hp, (mud breath),
(mud-swimmer), AC +14, amphibious, unfitting armour, cold-blooded
a: Begin Untransformation, Renounce Religion, Berserk, Trog's Hand, Brothers in
Arms


You were on level 3 of the Spider Nest.
You worshipped Trog.
Trog was extremely pleased with you.
You were a living statue of rough stone.
You visited 4 branches of the dungeon, and saw 25 of its levels.
You also visited: Bailey and Gauntlet.

You collected 3299 gold pieces.
You spent 1116 gold pieces at shops.

Inventory:

Hand Weapons
 a - the +5 scythe "Finisher" (weapon) {speed, execute}
   (You found it on level 2 of the Dungeon)
 b - a +9 bardiche of flaming
   (Trog gifted it to you on level 11 of the Dungeon)
 m - a +2 vampiric bardiche {!w}
   (Trog gifted it to you on level 13 of the Dungeon)
Missiles
 c - 7 darts of dispersal {!f}
 L - 4 curare-tipped darts {!f}
 R - a throwing net {!f}
 V - 10 javelins (quivered)
Armour
 O - the +3 cloak of the Present (worn) {rCorr SInv Stlth+}
   (You found it in a Gauntlet)

   SInv:      It lets you see invisible.
   rCorr:     It protects you from acid and corrosion.
   Stlth+:    It makes you more stealthy.
 U - a +1 pair of gloves (melded)
   (You found it on level 3 of the Lair of Beasts)
 Y - a +1 pair of boots (melded)
   (You found it on level 12 of the Dungeon)
Jewellery
 f - a ring of fire
   (You found it on level 2 of the Spider Nest)
 n - an amulet of regeneration (around neck)
   (You found it on level 2 of the Dungeon)
 r - a ring of positive energy (left fist)
   (You found it on level 5 of the Lair of Beasts)
 D - a +4 ring of protection
   (You found it on level 6 of the Dungeon)
 P - the ring "Pyam" (right fist) {rPois rC+ Str+3 Slay+2}
   (You found it in a Gauntlet)

   [ring of poison resistance]

   Str+3:     It affects your strength (+3).
   Slay+2:    It affects your accuracy & damage with ranged weapons and melee
   (+2).
   rC+:       It protects you from cold.
   rPois:     It protects you from poison.
Talismans
 d - a granite talisman (active)
   (You found it on level 3 of the Dungeon)
Wands
 w - a wand of acid (4)
   (You found it on level 2 of the Lair of Beasts)
 x - a wand of mindburst (8)
   (You found it in a Gauntlet)
 y - a wand of flame (35)
   (You found it on level 5 of the Dungeon)
 A - a wand of digging (4)
   (You found it on level 6 of the Dungeon)
 M - a wand of roots (12)
   (You found it on level 11 of the Dungeon)
 N - a wand of paralysis (12)
   (You found it on level 8 of the Dungeon)
 T - a wand of polymorph (14)
   (You found it on level 1 of the Lair of Beasts)
Scrolls
 h - 7 scrolls of noise {!r}
 p - a scroll of butterflies
 q - 5 scrolls of immolation {!r}
 v - 11 scrolls of enchant armour
 C - 8 scrolls of teleportation {@r4}
 E - 6 scrolls of enchant weapon
 F - 2 scrolls of fog
 H - 3 scrolls of vulnerability {!r}
 I - a scroll of revelation
 Q - 2 scrolls of poison
 S - 2 scrolls of blinking
 X - a scroll of torment {!r}
Potions
 e - 2 potions of enlightenment
 g - 14 potions of curing {@q1}
 j - 3 potions of might
 k - 10 potions of cancellation
 l - 7 potions of lignification {!q}
 o - 2 potions of ambrosia
 s - a potion of berserk rage
 t - 2 potions of haste {@q3}
 u - 8 potions of mutation {!q}
 z - 2 potions of invisibility
 B - 6 potions of resistance
 G - a potion of magic
Miscellaneous
 J - a condenser vane
   (You bought it in a shop on level 2 of the Orcish Mines)
 K - a phantom mirror
   (You found it on level 2 of the Spider Nest)
 W - a lightning rod (4/4) {!a}
   (You found it on level 12 of the Dungeon)


   Skills:
 + Level 12.7 Fighting
 - Level 3.8 Long Blades
 * Level 19.1 Polearms
 - Level 0.8 Throwing
 + Level 2.3 Dodging
 - Level 2.0 Spellcasting
 - Level 3.0 Translocations
 - Level 9.0 Evocations
 - Level 16.3 Shapeshifting


You had 19 spell levels left.
You didn't know any spells.
Your spell library contained the following spells:

 Spells                   Type           Power      Damage    Failure   Level
 Blink                    Tloc           18%        N/A       11%         2
 Lesser Beckoning         Tloc           18%        N/A       11%         2
 Maxwell's Portable Pile  Tloc           9%         2d(6-16)  22%         3
 Teleport Other           Tloc           9%         N/A       22%         3
 Magic Dart               Conj           4%         1d3       26%         1
 Call Imp                 Summ           2%         N/A       36%         2
 Vhi's Electric Charge    Tloc/Air       10%        N/A       80%         4
 Curse of Agony           Necr           1%         N/A       100%        5
 Rimeblight               Ice/Necr       0%         2d3       (prima100%   7
 Sublimation of Blood     Necr           Unusable   N/A       N/A         2

Dungeon Overview and Level Annotations

Branches:
Dungeon (15/15) Zot: 25636  Temple (0/1) D:7            Lair (5/5) D:11 Zot: 24291
  Swamp (0/4) Lair:2       Spider (3/4) Lair:2 Zot: 15218   Slime (0/5) Lair:5
    Orc (2/2) D:12 Zot: 9736     Elf (0/3) Orc:2        Vaults (0/5) D:13
 Depths (0/4) D:15         Bailey (visited)         Gauntlet (visited)

Altars:
Fedhas
Gozag
Kikubaaqudgha
Makhleb
Okawaru
Qazlal
Sif Muna
Trog
Wu Jian
Xom
The Shining One
Beogh
Jiyva

Shops:
D:15 *   Orc:1 ?[   Orc:2 !?*(

Annotations:
D:8 1 runed translucent door, grizmgrazm2's ghost, novice DrSh
Lair:5 2 runed translucent doors, exclusion: 2 oklob plants
Spider:3 1 exclusion


Innate Abilities, Weirdness & Mutations

You are a living statue of rough stone.
Your actions are slow, but your melee attacks are powerful.
You are resistant to unholy torment.
Your maximum health is greatly increased.
Your equipment is partially melded.
((You can breathe torrents of mud.))
((You are unimpeded by mud.))
((Your dull iron-grey scales are very hard. (AC +14)))
You are amphibious.
You cannot fit into any form of body armour.
You are immune to poison.
You are cold-blooded and may be slowed by cold attacks.


Message History

The redback closely misses you.
Your deep troll bites the emperor scorpion!!
The emperor scorpion dies!
Trog accepts your kill.
The torpor snail bites you but does no damage.
The jumping spider pounces on your deep troll.
Your deep troll is caught in a web!
The jumping spider bites your deep troll but does no damage.
Your deep troll goes berserk!
The wolf spider hits you but does no damage.
The wolf spider misses you. The redback bites you.
* * * LOW HITPOINT WARNING * * *
The jumping spider leaps!
The wolf spider hits you!
* * * LOW HITPOINT WARNING * * *
The wolf spider completely misses you. The redback barely misses you.
Your deep troll struggles to get unstuck from the web.
The wolf spider closely misses you.
The wolf spider bites you but does no damage.
The redback bites you but does no damage.
The torpor snail bites you.
* * * LOW HITPOINT WARNING * * *
Your deep troll tears the web.
The wolf spider closely misses you. The wolf spider bites you.
* * * LOW HITPOINT WARNING * * *
The redback bites you but does no damage.
You fade into invisibility!
The wolf spider barely misses you.
The wolf spider bites you but does no damage.
The redback barely misses you.
Your deep troll bites the jumping spider!
Your deep troll closely misses the jumping spider.
Your deep troll claws the jumping spider!
The jumping spider pounces on your deep troll!
The jumping spider bites your deep troll.
The wolf spider hits you but does no damage.
The wolf spider bites you but does no damage.
The torpor snail bites you but does no damage.
The redback closely misses you.
Your deep troll closely misses the jumping spider.
Your deep troll claws the jumping spider!
Your deep troll barely misses the jumping spider.
Your deep troll bites the jumping spider but does no damage.
Your deep troll claws the jumping spider.
The jumping spider dies!
Trog accepts your kill. The wolf spider hits you!
* * * LOW HITPOINT WARNING * * *
The wolf spider barely misses you. The redback closely misses you.
The torpor snail bites you!
You die...

#............ #.............
## ##.#........... ...
#^#####.............y #...#
#.................... #...^##
#...................
#.....####..................
#.....###..s.....^.........
#......##Is...............
#####......†Tw...............
..........T.#...........#....
..........^####.........#....
..........## ####.....###...
..........# ####### #...
..........#### ##..
.............##### #..
.................## ##.


You could see a torpor snail (unable to see you), a wolf spider (unable to see
you), a redback (unable to see you) and 2 friendly deep trolls.

Vanquished Creatures
  Kirke (Lair:4)
  2 emperor scorpions
  A very ugly thing (D:15)
  A quicksilver ooze (Lair:4)
  A minotaur (Gauntlet)
  3 entropy weavers
  Josephine (D:14)
  A yaktaur captain (D:15)
  A catoblepas (D:13)
  7 vault guards (D:13)
  3 ogre magi
  A ghost crab (Gauntlet)
  8 hydras
  Erica (D:8)
  6 centaur warriors
  4 boulder beetles
  12 two-headed ogres
  A death yak (Lair:5)
  5 demonic crawlers
  4 orc high priests (Orc:2)
  A storm dragon zombie (D:15)
  2 skeletal warriors (D:15)
  Nergalle (D:12)
  A spark wasp zombie (D:15)
  Lodul (D:10)
  A flayed ghost (D:15)
  2 orb spiders (Spider:2)
  A lindwurm (Lair:5)
  A sun moth (Spider:1)
  3 orc knights
  2 necromancers
  4 steelbarb worms
  A deep elf pyromancer (D:12)
  2 orc sorcerers (Orc:2)
  8 wolf spiders
  2 obsidian bats
  3 moths of wrath
  6 ugly things
  A manticore (D:15)
  7 elephants
  6 kobold blastminers
  The ghost of Thanuir the Cudgeller, a novice TrCK of Xom (D:5)
  6 meliai
  5 black mambas
  A smoke demon (Gauntlet)
  2 molten gargoyles (Lair:5)
  15 slime creatures
  A torpor snail (Spider:3)
  4 cane toads
  A gargoyle (D:5)
  Maggie (D:8)
  4 rime drakes
  The ghost of Olga the Slasher, a novice CoGl of Hepliaklqana (D:4)
  A minotaur zombie (Gauntlet)
  3 yaktaurs (D:15)
  7 komodo dragons
  3 trolls
  A red devil (Gauntlet)
  A tengu conjurer (D:15)
  3 polar bears
  A queen bee (Gauntlet)
  A troll (shapeshifter) (D:15)
  2 tarantellas (Spider:2)
  A hornet (D:7)
  10 jumping spiders
  5 tyrant leeches
  8 blink frogs
  7 culicivoras
  3 shadows
  Sigmund (D:4)
  5 wyverns
  A spriggan skeleton (D:15)
  A vampire (D:11)
  8 wraiths
  3 hogs (Lair:4)
  57 yaks
  5 basilisks
  31 redbacks
  A basilisk (shapeshifter) (D:13)
  A death yak simulacrum (Lair:5)
  5 humans (D:13)
  3 steam dragons
  2 wargs
  11 vampire mosquitoes
  A swamp worm (Lair:2)
  4 hell hounds (Lair:5)
  An acid dragon (D:12)
  17 water moccasins
  Duvessa (D:5)
  3 black bears
  26 orc warriors
  3 sky beasts
  An ice beast (D:8)
  2 laughing skulls (D:14)
  17 ogres
  3 boggarts (D:15)
  26 wolves
  An ogre (shapeshifter) (D:15)
  A phantom (D:6)
  10 centaurs
  2 gnoll sergeants
  A kobold brigand (D:9)
  11 bullfrogs
  4 earth elementals (D:11)
  5 scorpions
  9 wights
  Dowan (D:5)
  15 killer bees
  An elephant simulacrum (Lair:5)
  11 howler monkeys
  6 electric eels
  2 crimson imps (Gauntlet)
  5 bombardier beetles
  4 lava snakes (Lair:5)
  4 hounds
  7 jellies
  32 orc priests
  Crazy Yiuf (D:6)
  2 gnoll boudas
  4 sleepcaps
  4 iguanas
  21 orc wizards
  4 hell rats (Lair:2)
  Terence (D:2)
  25 gnolls
  9 adders
  A shadow imp (D:6)
  3 white imps
  6 ufetubi
  3 dart slugs
  A ribbon worm (D:2)
  88 orcs
  6 endoplasms
  4 giant cockroaches
  13 goblins
  8 hobgoblins
  5 jackals
  20 kobolds
  A quokka (D:3)
  12 ball pythons
  5 bats
  2 frilled lizards (D:1)
  5 rats
845 creatures vanquished.

Vanquished Creatures (collateral kills)
  An emperor scorpion (Spider:3)
  3 two-headed ogres (Orc:2)
  A sun moth (Spider:2)
  A troll (Orc:1)
  A jumping spider (Spider:3)
  A yak (Lair:3)
  2 redbacks
  An orc warrior (Orc:2)
  2 ogres (Orc:1)
  An orc wizard (Orc:1)
  An orc (Orc:1)
15 creatures vanquished.

Vanquished Creatures (others)
  A human (Lair:4)
  An orc priest (Orc:2)
2 creatures vanquished.

Grand Total: 862 creatures vanquished

Notes
Turn   | Place    | Note
-------+----------+-------------------------------------------
     0 | D:1      | GeoRichter the Draconian Warper began the quest for the
                  | Orb.
     0 | D:1      | Reached XP level 1. HP: 17/17 MP: 3/3
   144 | D:1      | Reached XP level 2. HP: 25/25 MP: 5/5
   498 | D:1      | Reached XP level 3. HP: 30/30 MP: 6/6
  1101 | D:2      | Found the +5 scythe "Finisher" {speed, execute}
  1201 | D:2      | Reached XP level 4. HP: 38/38 MP: 7/7
  1317 | D:2      | Noticed Terence
  1322 | D:2      | Killed Terence
  1323 | D:2      | Reached skill level 1 in Polearms
  1687 | D:3      | Reached skill level 2 in Polearms
  1860 | D:3      | Found a bloodstained altar of Trog.
  2106 | D:3      | Reached XP level 5. HP: 45/45 MP: 8/8
  2574 | D:4      | Reached skill level 3 in Polearms
  2601 | D:4      | Noticed Sigmund
  2736 | D:4      | Found a runed translucent gate.
  2736 | D:4      | Found a runed translucent gate.
  2736 | D:4      | Found a runed translucent gate.
  2737 | D:4      | Noticed Olga's ghost (novice CoGl)
  2791 | D:4      | Reached skill level 4 in Polearms
  2801 | D:4      | Reached XP level 6. HP: 51/51 MP: 9/9
  2859 | D:4      | Reached skill level 5 in Polearms
  2941 | D:4      | Reached skill level 6 in Polearms
  2978 | D:4      | Your scales start taking on a dull iron-grey colour.
  2978 | D:4      | Reached XP level 7. HP: 57/57 MP: 10/10
  3068 | D:4      | Noticed a two-headed ogre
  3137 | D:3      | Became a worshipper of Trog the Wrathful
  3354 | D:4      | Reached skill level 7 in Polearms
  3365 | D:4      | Killed Sigmund
  3382 | D:4      | Killed a two-headed ogre
  3383 | D:4      | Reached skill level 9 in Polearms
  3383 | D:4      | Reached XP level 8. HP: 24/63 MP: 11/11
  3504 | D:4      | Reached skill level 10 in Polearms
  3600 | D:5      | Entered Level 5 of the Dungeon
  3642 | D:5      | Reached * piety under Trog
  3662 | D:5      | Found a shimmering blue altar of Sif Muna.
  3693 | D:5      | Found a runed translucent gate.
  3693 | D:5      | Noticed a gargoyle
  3694 | D:5      | Found a runed translucent gate.
  3694 | D:5      | Found a runed translucent gate.
  3695 | D:5      | Found the +7 staff of the Meek {protect, meekguard}
  3697 | D:5      | Noticed Thanuir's ghost (novice TrCK)
  3872 | D:5      | Found a shimmering altar of Xom.
  4025 | D:5      | Found a glowing golden altar of the Shining One.
  4077 | D:5      | Noticed Dowan
  4229 | D:5      | Noticed Duvessa
  4257 | D:5      | Killed Duvessa
  4258 | D:5      | Reached skill level 11 in Polearms
  4258 | D:5      | Reached XP level 9. HP: 57/69 MP: 12/12
  4259 | D:5      | Killed Dowan
  4560 | D:6      | Reached skill level 12 in Polearms
  4617 | D:6      | Reached ** piety under Trog
  4738 | D:6      | Found a runed translucent door.
  4739 | D:6      | Noticed Crazy Yiuf
  5094 | D:6      | Killed Crazy Yiuf
  5397 | D:7      | Found a flagged portal.
  5414 | Bailey   | Entered a bailey
  5462 | Bailey   | Reached skill level 1 in Shapeshifting
  5663 | Bailey   | Noticed an orc knight
  5700 | Bailey   | Killed an orc knight
  5794 | Bailey   | Reached XP level 10. HP: 30/80 MP: 13/13
  6025 | D:7      | Reached skill level 13 in Polearms
  6034 | D:7      | Reached skill level 5 in Fighting
  6088 | D:7      | Found an ornate altar of the Wu Jian Council.
  6352 | D:7      | Identified the +0 trident "Coga" {freeze, Str+2 Int+2}
  6374 | D:7      | Found a staircase to the Ecumenical Temple.
  6462 | D:7      | Reached *** piety under Trog
  6534 | D:7      | Paralysed by a hornet for 3 turns
  6832 | D:8      | Noticed Maggie
  6843 | D:8      | Killed Maggie
  7040 | D:8      | Noticed Erica
  7060 | D:8      | Killed Erica
  7061 | D:8      | Reached skill level 14 in Polearms
  7133 | D:8      | Noticed a two-headed ogre
  7137 | D:8      | Killed a two-headed ogre
  7194 | D:8      | Found a blossoming altar of Fedhas.
  7522 | D:8      | Found a runed translucent door.
  7524 | D:8      | Noticed grizmgrazm2's ghost (novice DrSh)
  7810 | D:9      | Noticed a two-headed ogre
  7838 | D:9      | Killed a two-headed ogre
  7839 | D:9      | Reached XP level 11. HP: 58/92 MP: 14/14
  7919 | D:9      | Reached skill level 5 in Shapeshifting
  7922 | D:9      | Reached **** piety under Trog
  8350 | D:9      | Found an iron altar of Okawaru.
  8655 | D:10     | Entered Level 10 of the Dungeon
  8655 | D:10     | Found a stormy altar of Qazlal.
  8803 | D:10     | Noticed a two-headed ogre
  8810 | D:10     | Killed a two-headed ogre
  8849 | D:10     | Noticed Lodul
  8864 | D:10     | Reached skill level 15 in Polearms
  8874 | D:10     | Killed Lodul
  9098 | D:10     | Found an ancient bone altar of Kikubaaqudgha.
  9100 | D:10     | Found a burning altar of Makhleb.
  9254 | D:10     | Noticed a green death
  9543 | D:4      | Killed Olga's ghost
  9636 | D:5      | Killed Thanuir's ghost
  9647 | D:5      | Reached ***** piety under Trog
 10056 | D:11     | Found a staircase to the Lair.
 10365 | D:11     | Received a gift from Trog
 10527 | D:11     | Reached XP level 12. HP: 32/103 MP: 15/15
 10898 | Lair:1   | Entered Level 1 of the Lair of Beasts
 11028 | Lair:1   | Reached skill level 16 in Polearms
 11187 | Lair:1   | Reached skill level 1 in Evocations
 11785 | Lair:2   | Found a staircase to the Swamp.
 12149 | Lair:2   | Found a hole to the Spider Nest.
 12243 | Lair:2   | Reached skill level 10 in Shapeshifting
 12490 | Lair:2   | Reached XP level 13. HP: 77/111 MP: 16/16
 13328 | Lair:3   | Received a gift from Trog
 14588 | Lair:4   | Noticed Kirke
 14600 | Lair:4   | Killed Kirke
 14717 | Lair:4   | Noticed a quicksilver ooze
 14734 | Lair:4   | Killed a quicksilver ooze
 15088 | Lair:4   | Found an opulent altar of Gozag.
 15374 | Lair:5   | Entered Level 5 of the Lair of Beasts
 15472 | Lair:5   | Found a gate leading to a gauntlet.
 15516 | Gauntlet | Entered a Gauntlet
 15516 | Gauntlet | Found a transporter.
 15552 | Gauntlet | Found a transporter.
 15566 | Gauntlet | Found a transporter.
 15571 | Gauntlet | Found a transporter.
 15586 | Gauntlet | Found a transporter.
 15605 | Gauntlet | Found a transporter.
 15615 | Gauntlet | Noticed a green death
 15617 | Gauntlet | Found a transporter.
 15623 | Gauntlet | Found a transporter.
 15625 | Gauntlet | Found a transporter.
 15642 | Gauntlet | Found a transporter.
 15654 | Gauntlet | Found a transporter.
 15660 | Gauntlet | Found a transporter.
 15660 | Gauntlet | Found a transporter.
 15662 | Gauntlet | Found a transporter.
 15679 | Gauntlet | Found a transporter.
 15696 | Gauntlet | Found a transporter.
 15715 | Gauntlet | Found a transporter.
 15740 | Gauntlet | Found a transporter.
 16149 | Gauntlet | Identified the +11 short sword of Impermanence {holy, rN+
                  | Str+5}
 16155 | Gauntlet | Identified the +3 cloak of the Present {rCorr SInv Stlth+}
 16178 | Gauntlet | Noticed a minotaur
 16186 | Gauntlet | Killed a minotaur
 16187 | Gauntlet | Identified the +0 chain mail "Ruocluutwov" {rC- Str+4 Dex-4
                  | SInv}
 16187 | Gauntlet | Identified the ring "Pyam" {rPois rC+ Str+3 Slay+2}
 16323 | Lair:5   | Found a viscous altar of Jiyva.
 16329 | Lair:5   | Reached XP level 14. HP: 116/117 MP: 17/17
 16666 | Lair:5   | Reached skill level 15 in Shapeshifting
 17005 | Lair:5   | Received a gift from Trog
 17073 | Lair:5   | Found a large runed translucent door.
 17114 | Lair:5   | Found a large runed translucent door.
 17692 | D:12     | Noticed Nergalle
 17697 | D:12     | Killed Nergalle
 18001 | D:12     | Found a staircase to the Orcish Mines.
 18277 | Orc:1    | Entered Level 1 of the Orcish Mines
 18277 | Orc:1    | Found Luron's Magic Scroll Shoppe.
 18298 | Orc:1    | You fall into a shaft and drop 1 floor!
 18298 | Orc:2    | Entered Level 2 of the Orcish Mines
 18400 | Orc:1    | Found Emnypoq's Antique Armour Boutique.
 18412 | Orc:1    | Bought a transparent scarf for 300 gold pieces
 18412 | Orc:1    | Identified the scarf of Wunen {shadows, Regen+ Stlth+} (You
                  | bought it in a shop on level 1 of the Orcish Mines)
 18496 | Orc:1    | Received a gift from Trog
 18509 | Orc:1    | Found a roughly hewn altar of Beogh.
 18558 | Orc:1    | Found a roughly hewn altar of Beogh.
 18684 | Orc:1    | Bought a scroll of teleportation for 42 gold pieces
 19132 | Orc:2    | Found a staircase to the Elven Halls.
 19223 | Orc:2    | Reached skill level 5 in Evocations
 19338 | Orc:2    | Reached skill level 10 in Fighting
 19627 | Orc:2    | Found Vyucaxy's General Store.
 19645 | Orc:2    | Found Puiguic's Weapon Boutique.
 19645 | Orc:2    | Found Mobric's Magic Scroll Shop.
 19649 | Orc:2    | Found Hisych's Distillery.
 19652 | Orc:2    | Bought a condenser vane for 480 gold pieces
 19655 | Orc:2    | Bought a potion of heal wounds for 70 gold pieces
 19655 | Orc:2    | Bought a potion of mutation for 112 gold pieces
 19655 | Orc:2    | Bought a potion of mutation for 112 gold pieces
 20009 | D:13     | Reached XP level 15. HP: 126/126 MP: 18/18
 20012 | D:13     | Received a gift from Trog
 20291 | D:13     | Reached skill level 17 in Polearms
 20334 | D:13     | Found a gate to the Vaults.
 21196 | D:14     | Noticed Josephine
 21197 | D:14     | Killed Josephine
 21457 | D:14     | Identified a scroll of acquirement
 21460 | D:14     | Acquired 602 gold pieces
 21478 | D:15     | Entered Level 15 of the Dungeon
 21536 | D:15     | Found a staircase to the Depths.
 21744 | D:15     | Received a gift from Trog
 21815 | D:15     | Reached skill level 18 in Polearms
 22149 | D:15     | Found Aleemair's Changing Room.
 22452 | Spider:1 | Entered Level 1 of the Spider Nest
 23062 | Spider:2 | Reached XP level 16. HP: 17/139 MP: 19/19
 23065 | Spider:2 | HP: 5/180 [burnt (18)]
 23452 | Spider:2 | Received a gift from Trog
 24210 | Spider:3 | Reached skill level 19 in Polearms
 24364 | Spider:3 | HP: 4/183 [wolf spider (13)]
 24364 | Spider:3 | Slain by a torpor snail

Illustrated notes

Levels and vault maps discovered:
D:1:      dpeg_arrival_castle, layout_rooms
D:2:      layout_loops_corners, minmay_misc_feat_enclosed,
          minmay_small_reverse_x, uniq_terence
D:3:      layout_loops_corners, mainiacjoe_overflow_alcove_2
D:4:      layout_loops_ring, gammafunk_ghost_split, supply_closet_lemuel,
          dreamdust_princess_bridge, minmay_manual_mess, uniq_sigmund
D:5:      layout_basic, xom_butterflies, general_overflow_altar,
          mainiacjoe_overflow_tiny_flanked, gammafunk_ghost_split, uniq_duvessa
D:6:      layout_loops_ring, skrybe_limestone_x, uniq_crazy_yiuf_cottage
D:7:      layout_gridville, lemuel_crystal_altar,
          minmay_temple_entry_enclosed_plants, enter_bailey_3
D:8:      layout_basic, overflow_temple_1_default, serial_curves,
          eino_curves_04, eino_curves_04, ebering_ghost_inner_flame,
          uniq_maggie, uniq_erica
D:9:      layout_irregular_city, okawaru_altar_gauntlet_db,
          roderic_serpentine_path
D:10:     layout_roguey, mainiacjoe_overflow_paths,
          nicolae_overflow_hidden_temple, makhleb_altar_promises_db, uniq_lodul
D:11:     minmay_stone_box, layout_gridville, erik_lair_orcish_takeover
D:12:     layout_loops_corners, orc_0_dummy, corexii_corridor_pit, uniq_nergalle
D:13:     layout_long_grid, ximxim_vaults_locker_room
D:14:     layout_gridville, dk_noncrumbling_3, roderic_filled_cross,
          nicolae_concentric_dashed_squares_mild, uniq_josephine
D:15:     gammafunk_depths_entry_grave, layout_irregular_city,
          serial_park_gazebo [serial_park_minivault_5x5_7],
          nicolae_transmutations_shop
Lair:1:   layout_small_grid, serial_bayou_pond_d, infiniplex_staircase_pool
Lair:2:   layout_chaotic_city, minmay_swamp_entry_worms,
          spider_nest_entry_rubble, serial_bayou_shore_a, serial_bayou_shore_b,
          lemuel_fruit_fields
Lair:3:   layout_long_grid, gammafunk_lair_bear_cave, grunt_megastairs_2,
          serial_bayou_shore_b
Lair:4:   layout_loops_ring, basic_altar, nicolae_lair_time_for_slime,
          infiniplex_staircase_pool_2, uniq_kirke
Lair:5:   cheibrodos_lair_end_hotspot, layout_loops_ring,
          minmay_slime_entry_oklob_enclosed, serial_forest,
          infiniplex_forest_clump_small, infiniplex_forest_straight_2,
          infiniplex_forest_lined_2, infiniplex_forest_clump_long,
          infiniplex_forest_straight_3, infiniplex_forest_clump_small,
          infiniplex_forest_3_way, gauntlet_entry_generic,
          eino_house_with_fridge
Spider:1: layout_spider_delve
Spider:2: layout_spider_delve
Spider:3: layout_cave_pods
Orc:1:    layout_caves, serial_shops, shop, nicolae_shop_just_a_little_nook,
          basic_altar, minmay_orc_temple_a
Orc:2:    st_orc_mages, layout_diamond_mine

Skill      XL: |  1  2  3  4  5  6  7  8  9 10 11 12 13 14 15 16 |
---------------+-------------------------------------------------+-----
Long Blades    | 3 |  3.8
Fighting       | 3 4 7 8 9 10 12 | 12.7
Polearms       | 2 4 6 9 11 12 14 15 16 18 19 | 19.1
Shapeshifting  | 2 4 6 10 14 16 | 16.3
Evocations     | 4 5 8 9 |  9.0
Throwing       | |  0.8
Dodging        | |  2.3
Spellcasting   | |  2.0
Translocations | |  3.0

Action                     |  1- 3 |  4- 6 |  7- 9 | 10-12 | 13-15 | 16-18 || total
---------------------------+-------+-------+-------+-------+-------+-------++-------
  Melee: Falchion          |    86 |       |       |       |       |       ||    86
         Tailslap          |    17 |     1 |    18 |    70 |   198 |    21 ||   325
         Short sword       |    54 |       |       |       |       |       ||    54
         Scythe            |     6 |   107 |   316 |   681 |  1200 |   147 ||  2457
         Bardiche          |       |       |       |       |    46 |       ||    46
  Throw: Dart              |       |       |     2 |     8 |     4 |       ||    14
         Javelin           |       |       |       |       |     1 |     1 ||     2
 Invoke: Berserk           |       |       |     1 |       |     7 |       ||     8
         Brothers in Arms  |       |       |       |       |     4 |     2 ||     6
         Trog's Hand       |       |       |       |       |     3 |       ||     3
Ability: Mud Breath        |       |       |     4 |     1 |       |       ||     5
  Evoke: Wand              |       |       |       |     4 |     1 |       ||     5
    Use: Scroll            |       |     5 |     3 |    16 |    16 |     1 ||    41
         Potion            |       |       |       |       |     2 |     5 ||     7
   Stab: Sleeping          |       |       |     3 |       |    13 |     3 ||    19
         Paralysed         |       |       |       |     3 |       |       ||     3
         Distracted        |       |       |       |       |     4 |       ||     4
         Invisible         |       |       |       |       |     2 |       ||     2
 Armour: Skin              |   100 |    48 |   156 |   463 |  1305 |   405 ||  2477
  Dodge: Dodged            |    74 |    31 |   131 |   304 |   795 |   176 ||  1511
   Form: Statue            |       |       |       |       |     1 |       ||     1

Table legend: (Time is in decaauts)
 A = Elapsed time spent in this place.
 B = Non-inter-level travel time spent in this place.
 C = Inter-level travel time spent in this place.
 D = Time resting spent in this place.
 E = Time spent auto-exploring this place.
 F = Levels seen in this place.
 G = Mean time per level.
                   A        B        C        D        E       F      G
               +--------+--------+--------+--------+--------+-----+--------+
         Total |  27047 |  25521 |   1526 |    698 |  18133 |  27 | 1001.7 |
       Dungeon |  15122 |  14013 |   1109 |    145 |  10624 |  15 | 1008.1 |
          Lair |   5708 |   5393 |    315 |    214 |   3759 |   5 | 1141.6 |
   Spider Nest |   2779 |   2714 |     65 |    233 |   1768 |   3 |  926.3 |
  Orcish Mines |   2264 |   2228 |     36 |     91 |   1396 |   2 | 1132.0 |
        Bailey |    457 |    457 |      0 |      0 |    225 |   1 |  457.0 |
      Gauntlet |    716 |    716 |      0 |     13 |    359 |   1 |  716.0 |
               +--------+--------+--------+--------+--------+-----+--------+

Top non-repeatable levels by time:
   Orc:2: 1641 daAuts
    D:13: 1622 daAuts
  Lair:3: 1502 daAuts
Spider:2: 1358 daAuts
    D:15: 1267 daAuts
  Lair:5: 1178 daAuts
  Lair:2: 1136 daAuts
     D:9: 1093 daAuts
     D:3: 1082 daAuts
     D:8: 1037 daAuts
    D:11: 1027 daAuts
     D:4: 1022 daAuts
     D:7: 1014 daAuts
Spider:1: 965 daAuts
     D:6: 951 daAuts
